 Dungeon Crawl Stone Soup version 0.31-a0-940-gdaa99269f9 (webtiles) character file.

Game seed: 1410042985416931349

82 protoss039 the Digger (level 4, 28/28 (33) HPs)
             Began as a Demonspawn Earth Elementalist on Oct 20, 2023.
             Got out of the dungeon alive.
             The game lasted 00:04:00 (1721 turns).

protoss039 the Digger (DsEE)                        Turns: 1721, Time: 00:04:00

HP:   28/28 (33)    AC:  7    Str:  8    XL:     4   Next: 21%
MP:   8/8           EV: 12    Int: 18    God:
Gold: 152           SH:  0    Dex: 14    Spells: 2/8 levels left

rFire   + . .        d - +0 dagger (pain)
rCold   . . .        (no shield)
rNeg    . . .        a - +0 robe
rPois   .            k - +2 hat {Stlth+}
rElec   .            (no cloak)
rCorr   .            r - +2 pair of gloves
SInv    .            (no boots)
Will    .....        (no amulet)
Stlth   +++          m - +4 ring of slaying
HPRegen 0.24/turn    n - ring of protection from fire
MPRegen 0.11/turn

%: no passive effects
@: heavily drained
A: demonic magic 1, weakness stinger 1
a: no special abilities


You escaped.
You visited 1 branch of the dungeon, and saw 3 of its levels.

You collected 152 gold pieces.

Inventory:

Hand Weapons
 d - a +0 dagger of pain (weapon)
 u - a +2 dagger of draining
Armour
 a - a +0 robe (worn)
 k - a +2 hat of stealth (worn)
 r - a +2 pair of gloves (worn)
 v - a +1 ring mail of fire resistance
Jewellery
 m - a +4 ring of slaying (left hand)
 n - a ring of protection from fire (right hand)
Wands
 o - a wand of iceblast (1)
 t - a wand of flame (6)
Scrolls
 c - a scroll of fear {unknown}
 e - 2 scrolls of revelation {unknown}
 h - a scroll of teleportation {unknown}
 j - 2 scrolls of identify {unknown}
 p - a scroll of butterflies {unknown}
 s - a scroll of amnesia {unknown}
Potions
 b - a potion of magic
 f - a potion of curing {unknown}
 g - a potion of brilliance {unknown}
 i - a potion of invisibility {unknown}
 l - a potion of attraction {unknown}
 q - a potion of haste {unknown}


   Skills:
 + Level 2.0 Fighting
 + Level 1.9 Dodging
 - Level 1.7 Stealth
 + Level 2.8 Spellcasting
 + Level 0.5 Conjurations
 - Level 0.8 Transmutations
 + Level 3.3 Earth Magic


You had 2 spell levels left.
You knew the following spells:

 Your Spells              Type           Power      Damage    Failure   Level
a - Sandblast             Erth           28%        2d8       4%          1
b - Passwall              Tmut/Erth      8%         N/A       11%         2
c - Stone Arrow           Conj/Erth      18%        3d8       22%         3

Your spell library contained the following spells:

 Spells                   Type           Power      Damage    Failure   Level
 Wereblood                Tmut           5%         N/A       19%         2
 Momentum Strike          Conj/Tloc      6%         3d8       22%         2
 Blink                    Tloc           4%         N/A       26%         2
 Lesser Beckoning         Tloc           4%         N/A       26%         2
 Sublimation of Blood     Necr           2%         N/A       26%         2
 Petrify                  Tmut/Erth      10%        N/A       56%         4
 Brom's Barrelling Bould  Conj/Erth      9%         2d3       58%         4
 Summon Ice Beast         Ice/Summ       2%         N/A       86%         4
 Summon Mana Viper        Hex/Summ       2%         N/A       99%         5
 Monstrous Menagerie      Summ           1%         N/A       100%        7
 Summon Hydra             Summ           1%         N/A       100%        7


Dungeon Overview and Level Annotations

Branches:
Dungeon (3/15) Zot: 16266

Altars:
Cheibriados


Innate Abilities, Weirdness & Mutations

Spells you cast may paralyse adjacent enemies.
You have a small tail.


Message History

Ijyb is heavily wounded.
Ijyb hits you but does no damage.
You feel drained.
Unknown command.
You hit Ijyb.
Ijyb is heavily wounded.
Ijyb completely misses you.
Unknown command.
Casting: Sandblast (safe; 4% risk of failure)
Confirm with . or Enter, or press ? or * to list all spells.
Aiming: Sandblast (safe; 4% risk of failure)
Press: ? - help, Shift-Dir - straight line, f/p - Ijyb
Aim: Ijyb, wielding a +2 dagger of draining, wearing a +1 ring mail of fire resistance and carrying a wand of flame (heavily wounded, 80% to hit)
The blast of sand hits Ijyb.
Ijyb is almost dead.
Malevolent energies surge around you.
Ijyb suddenly stops moving!
The helpless Ijyb fails to defend herself.
You hit Ijyb.
You kill Ijyb!
Your Fighting skill increases to level 2!
You have reached level 4!
You feel agile.
Your demonic ancestry asserts itself...
You grow a small tail.
t - a wand of flame (6)
Things that are here:
a +2 dagger of draining; a +1 ring mail of fire resistance
u - a +2 dagger of draining;
v - a +1 ring mail of fire resistance
There is a stone staircase leading up here.
You climb upwards.
There is a stone staircase leading down here.
Okay, then.
Unknown command.
Things that are here:
a +0 club; a +0 short sword Magic restored.
There is a stone staircase leading up here.
You climb upwards.
There is a stone staircase leading down here.
There is an open door here.
There is a staircase leading out of the dungeon here.
You have escaped!

#.##.##.#.##......######...#####
##.##.##.#+#####'#.##...........#
.........#≈.≈~≈..#....#########..
.........#~~.~.~~#..### ##.
.........#.....P.#..# #..
##..######≈...P~~#..# #####..
##.# #.≈..≈~P#.########......
###.######~.≈.####.............#.
.........#~P.≈..@#.#######....#..
)........#########.######...#....
...).....####..............##....
.........##...#.#########.###....
###########.###.# ####..###....
#......# #......##.... #..#####
#.........### #### #.......###
#.......#


There were no monsters in sight!

Vanquished Creatures
  Ijyb (D:3)
  2 adders (D:2)
  A worm (D:2)
  3 bats
  2 endoplasms
  2 giant cockroaches (D:2)
  9 goblins
  4 hobgoblins
  4 frilled lizards
  6 kobolds
  4 rats (D:1)
38 creatures vanquished.

Notes
Turn   | Place    | Note
-------+----------+-------------------------------------------
     0 | D:1      | protoss039 the Demonspawn Earth Elementalist began the
                  | quest for the Orb.
     0 | D:1      | Reached XP level 1. HP: 13/13 MP: 3/3
   232 | D:1      | Gained mutation: Spells you cast may paralyse adjacent
                  | enemies. [demonic ancestry]
   232 | D:1      | Reached XP level 2. HP: 11/20 MP: 3/5
   391 | D:1      | Reached skill level 1 in Fighting
   481 | D:1      | Reached skill level 3 in Earth Magic
   728 | D:1      | Learned a level 2 spell: Passwall
   861 | D:2      | Reached XP level 3. HP: 18/26 MP: 2/6
   941 | D:2      | Found a snail-covered altar of Cheibriados.
  1475 | D:2      | Learned a level 3 spell: Stone Arrow
  1611 | D:3      | Noticed Ijyb
  1638 | D:3      | Killed Ijyb
  1639 | D:3      | Gained mutation: You have a small tail. [demonic ancestry]
  1639 | D:3      | Reached XP level 4. HP: 26/28 MP: 6/8
  1721 | D:$      | Got out of the dungeon alive.

Illustrated notes

Levels and vault maps discovered:
D:1:      lightli_arrival_flooded_house, layout_rooms, minivault_27
D:2:      layout_loops_cross, basic_altar
D:3:      layout_basic, riverfiend_overflow_shadow_ancestor, uniq_ijyb

Skill      XL: |  1  2  3 |
---------------+----------+-----
Fighting       | 1 2 |  2.0
Earth Magic    | 3 |  3.3
Dodging        | |  1.9
Stealth        | |  1.7
Spellcasting   | |  2.8
Conjurations   | |  0.5
Transmutations | |  0.8

Action                     |  1- 3 |  4- 6 || total
---------------------------+-------+-------++-------
  Melee: Dagger            |    69 |       ||    69
   Cast: Sandblast         |    28 |       ||    28
   Stab: Sleeping          |    13 |       ||    13
         Paralysed         |     1 |       ||     1
 Armour: Robe              |    35 |       ||    35
  Dodge: Dodged            |    46 |       ||    46

Table legend: (Time is in decaauts)
 A = Elapsed time spent in this place.
 B = Non-inter-level travel time spent in this place.
 C = Inter-level travel time spent in this place.
 D = Time resting spent in this place.
 E = Time spent auto-exploring this place.
 F = Levels seen in this place.
 G = Mean time per level.
                   A        B        C        D        E       F      G
               +--------+--------+--------+--------+--------+-----+--------+
         Total |   1733 |   1632 |    101 |     54 |   1206 |   3 |  577.7 |
       Dungeon |   1733 |   1632 |    101 |     54 |   1206 |   3 |  577.7 |
               +--------+--------+--------+--------+--------+-----+--------+

Top non-repeatable levels by time:
     D:1: 788 daAuts
     D:2: 773 daAuts
     D:3: 171 daAuts
